 Dungeon Crawl Stone Soup version 0.18-a0-1171-ga8e22e7 (webtiles) character file.

17 4thArraOfDagon the Sneak (level 2, -4/19 HPs)
             Began as a Vampire Enchanter on Jan 26, 2016.
             Slain by a centaur (6 damage)
             ... on level 5 of the Dungeon.
             The game lasted 00:01:22 (236 turns).

4thArraOfDagon the Sneak (Vampire Enchanter)         Turns: 236, Time: 00:01:22

Health: -4/19      AC:  3    Str: 12    XL:     2   Next: 44%
Magic:  3/5        EV: 12    Int: 17    God:
Gold:   39         SH:  0    Dex: 14    Spells: 2 memorised, 3 levels left

rFire  . . .     SeeInvis +     a - +1 dagger
rCold  . . .     Gourm    .     b - +1 robe
rNeg   . . .     Faith    .     (no shield)
rPois  .         Spirit   .     (no helmet)
rElec  .         Dismiss  .     (no cloak)
rCorr  .         Reflect  .     (no gloves)
SustAt .         Harm     .     (no boots)
MR     .....                    (no amulet)
Stlth  +++.......               (no ring)
                                (no ring)

@: mighty, very slightly contaminated, regenerating quickly, not resistant to
hostile enchantments, fairly stealthy
A: fangs 3, see invisible, unbreathing
a: no special abilities


You were on level 5 of the Dungeon.
You were very full.

You visited 1 branch of the dungeon, and saw 5 of its levels.

You collected 39 gold pieces.

Inventory:

Hand Weapons
 a - a +1 dagger (weapon)
Armour
 b - a +1 robe (worn)
Scrolls
 d - a scroll of identify {unknown}
 e - a scroll of immolation {unknown}
 f - a scroll of amnesia {unknown}
 h - a scroll of noise {unknown}
Books
 c - a book of Maledictions

   Spells                             Type                      Level
   a - Corona                         Hexes                        1
   b - Ensorcelled Hibernation        Hexes/Ice                    2
   c - Confuse                        Hexes                        3
   d - Tukima's Dance                 Hexes                        3
   e - Dazzling Spray                 Conjuration/Hexes            3


   Skills:
 * Level 1.4 Short Blades
 - Level 2.1 Dodging
 * Level 4.8 Stealth
 - Level 2.5 Spellcasting
 * Level 4.4 Hexes


You had 3 spell levels left.
You knew the following spells:

 Your Spells              Type           Power        Failure   Level  Hunger
a - Corona                Hex            ###....      2%          1    #......
b - Ensorcelled Hibernat  Hex/Ice        #.....       14%         2    ##.....


Dungeon Overview and Level Annotations

Branches:
Dungeon (5/15)
 Temple: D:4-7

Altars:


Innate Abilities, Weirdness & Mutations

Your natural rate of healing is unusually fast.
You have razor-sharp teeth.
You have supernaturally acute eyesight.
You can survive without breathing.


Message History

Casting: Corona
Confirm with . or Enter, or press ? or * to list all spells.
Aiming: Ensorcelled Hibernation
Press: ? - help, Shift-Dir - straight line, f - centaur
Aim: a centaur (severely wounded, chance to defeat MR: 40%)
You miscast Ensorcelled Hibernation.
You are very lightly contaminated with residual magic.
Frost covers your body. The centaur hits you!
Drink which item? (? for menu, Esc to quit)
It was a potion of curing.
You feel better. The centaur hits you. x2
Drink which item? (? for menu, Esc to quit)
It was a potion of might.
You feel very mighty all of a sudden. The centaur hits you.
* * * LOW HITPOINT WARNING * * *
Unknown command.
You barely miss the centaur.
The centaur is severely wounded.
The centaur hits you.
You die...

.........
##.......##
#.........#
#.........#
#.........#
#.........#
##.........##
............#
###......@..#
###.....c.#
#####...#
#....# ###..#
w..# .....
.#.##


You could see a centaur and a worm.

Vanquished Creatures
  2 giant geckos (D:1)
  3 bats
  A giant cockroach (D:3)
  3 goblins
  A hobgoblin (D:1)
  A kobold (D:1)
  A quokka (D:3)
  A rat (D:3)
13 creatures vanquished.

Notes
Turn   | Place    | Note
--------------------------------------------------------------
     0 | D:1      | 4thArraOfDagon the Vampire Enchanter began the quest for the Orb.
     0 | D:1      | Reached XP level 1. HP: 13/13 MP: 3/3
    86 | D:1      | Reached XP level 2. HP: 19/19 MP: 5/5
   206 | D:3      | Learned a level 2 spell: Ensorcelled Hibernation
   229 | D:5      | Entered Level 5 of the Dungeon
   229 | D:5      | Noticed a centaur
   236 | D:5      | Slain by a centaur

Vault maps used:
D:1:      dpeg_arrival_tiny_a, minmay_unequal
D:2:      grunt_temple_overflow_open, led_sif_pool, kennysheep_jessica_study
D:3:      overflow_temple_1_default, first_bread, grunt_ministairs_6,
          lemuel_another_geyser
D:4:      grunt_dithmenos_smoke, kennysheep_little_box,
          nicolae_gozag_cash_rules_everything_around_me, uniq_blork_the_orc
D:5:      nicolae_overflow_crystal_walls, minmay_temple_entry_trees,
          uniq_grinder

Action                   || total
-------------------------++-------
Melee: Dagger            ||    52
 Cast: Corona            ||     2
  Use: Potion            ||     3
 Stab: Sleeping          ||     4
  Eat: Corpse            ||     5
